| TOP OF THE 1ST |
|
Lake County Captains batting - Pitching for Bowling Green Hot Rods : LHP Chris Ross
|
|
Pitching: LHP Chris Ross
|
|
|
Batting: LHB Tim Fuller
|
0-0: Ball 1-0: Swinging Strike 1-1: Ball 2-1: Called Strike 2-2: SINGLE (Line Drive, 4M, EV 106.2 MPH)
|
|
Batting: LHB Yasuo Igarashi
|
0-0: Called Strike 0-1: Swinging Strike 0-2: Ball 1-2: Ball 2-2: Foul Ball, location: 2F 2-2: Ball 3-2: Strikes out looking
|
|
Batting: SHB Charlie Diesel
|
0-0: Ball 1-0: Called Strike 1-1: Ball 2-1: Foul Ball, location: 2F 2-2: SINGLE (Flyball, 34D, EV 95.6 MPH) Tim Fuller to second
|
|
Batting: LHB Justin Rankin
|
0-0: Foul Ball, location: 2F 0-1: Foul Ball, location: 2F 0-2: Foul Ball, location: 2F 0-2: Ball 1-2: Fielders Choice at 2nd, 3-6 (Groundball, 34S, EV 87.5 MPH) Tim Fuller to third
|
|
Batting: SHB Travis Burnett
|
0-0: Ball 1-0: Ball 2-0: Swinging Strike 2-1: Swinging Strike 2-2: Strikes out swinging
|
| Top of the 1st over - 0 runs, 2 hits, 0 errors, 2 left on base; Lake County 0 - Bowling Green 0 |
| BOTTOM OF THE 1ST |
|
Bowling Green Hot Rods batting - Pitching for Lake County Captains : RHP Rainer Von Croy
|
|
Pitching: RHP Rainer Von Croy
|
|
|
Batting: SHB Julio Hernandez
|
0-0: Ball 1-0: Foul Ball, location: 2F 1-1: Ball 2-1: Ground out 1-3 (Groundball, 13, EV 63.8 MPH)
|
|
Batting: LHB Jake Rheaume
|
0-0: Ball 1-0: Ball 2-0: Ball 3-0: Fly out, F5 (Popup, 5SF, EV 72.5 MPH)
|
|
Batting: RHB Adam Kaeser
|
0-0: Ball 1-0: Swinging Strike 1-1: Called Strike 1-2: Ball 2-2: Fly out, F8 (Flyball, 8RXD, EV 92.5 MPH)
|
| Bottom of the 1st over - 0 runs, 0 hits, 0 errors, 0 left on base; Lake County 0 - Bowling Green 0 |
| TOP OF THE 2ND |
|
Lake County Captains batting - Pitching for Bowling Green Hot Rods : LHP Chris Ross
|
|
Batting: RHB Adrian Martinelli
|
0-0: Called Strike 0-1: Swinging Strike 0-2: Strikes out swinging
|
|
Batting: LHB Danny Moreno
|
0-0: Ball 1-0: Called Strike 1-1: Called Strike 1-2: Strikes out swinging
|
|
Batting: LHB Ubbe de Bruin
|
0-0: Foul Ball, location: 2F 0-1: Ball 1-1: Ground out 6-3 (Groundball, 6, EV 86.9 MPH)
|
| Top of the 2nd over - 0 runs, 0 hits, 0 errors, 0 left on base; Lake County 0 - Bowling Green 0 |
| BOTTOM OF THE 2ND |
|
Bowling Green Hot Rods batting - Pitching for Lake County Captains : RHP Rainer Von Croy
|
|
Batting: RHB David Ward
|
0-0: Ball 1-0: SINGLE (Flyball, 8RS, EV 88.1 MPH)
|
|
Batting: RHB Paul Landes
|
0-0: Ball 1-0: Ball 2-0: Called Strike 2-1: Grounds into double play, 4-6-3 (Groundball, 4, EV 88.1 MPH)
|
|
Batting: LHB Jimmy Detrie
|
0-0: Foul Ball, location: 2F 0-1: Swinging Strike 0-2: Ball 1-2: SINGLE (Groundball, 6MD, EV 105.6 MPH)
|
|
Batting: RHB Kevin Benfield
|
0-0: Called Strike 0-1: Swinging Strike 0-2: Fly out, F8 (Flyball, 8RD, EV 100.6 MPH)
|
| Bottom of the 2nd over - 0 runs, 2 hits, 0 errors, 1 left on base; Lake County 0 - Bowling Green 0 |
| TOP OF THE 3RD |
|
Lake County Captains batting - Pitching for Bowling Green Hot Rods : LHP Chris Ross
|
|
Batting: LHB Alan Kelly
|
0-0: Foul Ball, location: 2F 0-1: Ball 1-1: Foul Ball, location: 7LSF, Error on foul ball, E7 1-2: Fly out, F8 (Line Drive, 8LM, EV 111.2 MPH)
|
|
Batting: LHB Tim Fuller
|
0-0: Ball 1-0: Foul Ball, location: 2F 1-1: Called Strike 1-2: Ball 2-2: Foul Ball, location: 2F 2-2: Strikes out swinging
|
|
Batting: LHB Yasuo Igarashi
|
0-0: Swinging Strike 0-1: Foul Ball, location: 2F 0-2: Ball 1-2: SINGLE (Groundball, 23, EV 70.0 MPH) (infield hit)
|
|
Batting: SHB Charlie Diesel
|
0-0: Called Strike 0-1: Foul Ball, location: 2F 0-2: Ball 1-2: SINGLE (Line Drive, 9S, EV 95.6 MPH) Yasuo Igarashi to second Runner from 2nd tries for 3rd, SAFE, no throw by RF
|
|
Batting: LHB Justin Rankin
|
0-0: Called Strike 0-1: Ball 1-1: Ground out 4-3 (Groundball, 4D, EV 76.2 MPH)
|
| Top of the 3rd over - 0 runs, 2 hits, 1 error, 2 left on base; Lake County 0 - Bowling Green 0 |
| BOTTOM OF THE 3RD |
|
Bowling Green Hot Rods batting - Pitching for Lake County Captains : RHP Rainer Von Croy
|
|
Batting: RHB Steve Byerly
|
0-0: Ball 1-0: Ball 2-0: Ball 3-0: Base on Balls
|
|
Batting: RHB Eric Waugaman
|
0-0: Ball 1-0: Swinging Strike 1-1: Ball 2-1: Foul Ball, location: 2F 2-2: Foul Ball, location: 2F 2-2: Strikes out swinging
|
|
Batting: SHB Julio Hernandez
|
0-0: Ball 1-0: Fly out, F7 (Flyball, 78M, EV 82.5 MPH)
|
|
Batting: LHB Jake Rheaume
|
0-0: Ball 1-0: Foul Ball, location: 2F 1-1: Ball 2-1: Ball 3-1: Swinging Strike 3-2: Base on Balls Steve Byerly to second
|
|
Batting: RHB Adam Kaeser
|
0-0: Foul Ball, location: 2F 0-1: Foul Ball, location: 2F 0-2: Ball 1-2: Foul Ball, location: 2F 1-2: Foul Ball, location: 2F 1-2: Foul Ball, location: 2F 1-2: Ball 2-2: 3-RUN HOME RUN (Flyball, 89XD, EV 94.4 MPH), Distance : 387 ft
|
|
Batting: RHB David Ward
|
0-0: Called Strike 0-1: Ball 1-1: Ball 2-1: Called Strike 2-2: Fly out, F4 (Popup, 4, EV 66.9 MPH)
|
| Bottom of the 3rd over - 3 runs, 1 hit, 0 errors, 0 left on base; Lake County 0 - Bowling Green 3 |
| TOP OF THE 4TH |
|
Lake County Captains batting - Pitching for Bowling Green Hot Rods : LHP Chris Ross
|
|
Batting: SHB Travis Burnett
|
0-0: Ground out 5-3 (Groundball, 56S, EV 81.2 MPH)
|
|
Batting: RHB Adrian Martinelli
|
0-0: Called Strike 0-1: Ball 1-1: Ball 2-1: Fly out, F9 (Flyball, 9, EV 74.4 MPH)
|
|
Batting: LHB Danny Moreno
|
0-0: Called Strike 0-1: Ball 1-1: Ground out U3 (Groundball, 3, EV 87.5 MPH)
|
| Top of the 4th over - 0 runs, 0 hits, 0 errors, 0 left on base; Lake County 0 - Bowling Green 3 |
| BOTTOM OF THE 4TH |
|
Bowling Green Hot Rods batting - Pitching for Lake County Captains : RHP Rainer Von Croy
|
|
Batting: RHB Paul Landes
|
0-0: Ball 1-0: Single, Error in OF, E8, batter to second base (Line Drive, 8RS, EV 111.2 MPH)
|
|
Batting: LHB Jimmy Detrie
|
0-0: Foul Ball, location: 2F 0-1: Foul Ball, location: 2F 0-2: Ball 1-2: Ball 2-2: Ball 3-2: Ground out 2-3 (Groundball, 13S, EV 74.4 MPH) Paul Landes to third
|
|
Batting: RHB Kevin Benfield
|
0-0: SINGLE (Groundball, 4D, EV 106.9 MPH) Paul Landes scores
|
|
Batting: RHB Steve Byerly
|
0-0: Foul Ball, location: 2F 0-1: Fly out, F8 (Flyball, 8RD, EV 86.2 MPH)
|
|
Batting: RHB Eric Waugaman
|
0-0: Swinging Strike 0-1: Called Strike 0-2: Ball Wild Pitch! Kevin Benfield to second 1-2: Fly out, F8 (Flyball, 89M, EV 85.0 MPH)
|
| Bottom of the 4th over - 1 run, 2 hits, 1 error, 1 left on base; Lake County 0 - Bowling Green 4 |
| TOP OF THE 5TH |
|
Lake County Captains batting - Pitching for Bowling Green Hot Rods : LHP Chris Ross
|
|
Batting: LHB Ubbe de Bruin
|
0-0: Foul Ball, location: 2F 0-1: Foul Ball, location: 2F 0-2: Strikes out swinging
|
|
Batting: LHB Alan Kelly
|
0-0: Ball 1-0: Called Strike 1-1: Fly out, F5 (Popup, 56, EV 62.5 MPH)
|
|
Batting: LHB Tim Fuller
|
0-0: Called Strike 0-1: Ball 1-1: Foul Ball, location: 2F 1-2: Hit by Pitch
|
|
Batting: LHB Yasuo Igarashi
|
0-0: Called Strike Tim Fuller steals 2nd base (no throw) 0-1: Ball 1-1: Foul Ball, location: 2F 1-2: Ball 2-2: Ball 3-2: Ground out U3 (Groundball, 34, EV 82.5 MPH)
|
| Top of the 5th over - 0 runs, 0 hits, 0 errors, 1 left on base; Lake County 0 - Bowling Green 4 |
| BOTTOM OF THE 5TH |
|
Bowling Green Hot Rods batting - Pitching for Lake County Captains : RHP Rainer Von Croy
|
|
Batting: SHB Julio Hernandez
|
0-0: Ball 1-0: Fly out, F3 (Flyball, 3D, EV 91.2 MPH)
|
|
Batting: LHB Jake Rheaume
|
0-0: Called Strike 0-1: Ball 1-1: Ball 2-1: Called Strike 2-2: SOLO HOME RUN (Flyball, 89XD, EV 96.9 MPH), Distance : 388 ft
|
|
Pitching: LHP Aaron Manees
|
|
|
Batting: RHB Adam Kaeser
|
0-0: Ball 1-0: Ball 2-0: Ball 3-0: Called Strike 3-1: Base on Balls
|
|
Batting: RHB David Ward
|
0-0: Ball 1-0: Ball 2-0: Called Strike 2-1: Ball 3-1: Foul Ball, location: 2F 3-2: Reached on error, E6 (Groundball, 6, EV 103.1 MPH) Adam Kaeser to second
|
|
Batting: RHB Paul Landes
|
0-0: Ground out 5-3 (Groundball, 5L, EV 108.8 MPH) Adam Kaeser to third David Ward to second
|
|
Batting: LHB Jimmy Detrie
|
0-0: Ball 1-0: Ground out 5-3 (Groundball, 56, EV 90.0 MPH)
|
| Bottom of the 5th over - 1 run, 1 hit, 1 error, 2 left on base; Lake County 0 - Bowling Green 5 |
| TOP OF THE 6TH |
|
Lake County Captains batting - Pitching for Bowling Green Hot Rods : LHP Chris Ross
|
|
Batting: SHB Charlie Diesel
|
0-0: Foul Ball, location: 2F 0-1: Ground out 4-3 (Groundball, 4, EV 86.2 MPH)
|
|
Batting: LHB Justin Rankin
|
0-0: Called Strike 0-1: Ball 1-1: Swinging Strike 1-2: Ball 2-2: Foul Ball, location: 2F 2-2: Ball 3-2: Strikes out swinging
|
|
Batting: SHB Travis Burnett
|
0-0: Ground out 5-3 (Groundball, 56S, EV 84.4 MPH)
|
| Top of the 6th over - 0 runs, 0 hits, 0 errors, 0 left on base; Lake County 0 - Bowling Green 5 |
| BOTTOM OF THE 6TH |
|
Bowling Green Hot Rods batting - Pitching for Lake County Captains : LHP Aaron Manees
|
|
Batting: RHB Kevin Benfield
|
0-0: Ball 1-0: Ground out 3-1 (Groundball, 34, EV 91.9 MPH)
|
|
Batting: RHB Steve Byerly
|
0-0: Ground out 4-3 (Groundball, 4, EV 81.2 MPH)
|
|
Batting: RHB Eric Waugaman
|
0-0: Ball 1-0: Called Strike 1-1: Fly out, F9 (Flyball, 9, EV 86.9 MPH)
|
| Bottom of the 6th over - 0 runs, 0 hits, 0 errors, 0 left on base; Lake County 0 - Bowling Green 5 |
| TOP OF THE 7TH |
|
Lake County Captains batting - Pitching for Bowling Green Hot Rods : LHP Chris Ross
|
|
Batting: RHB Adrian Martinelli
|
0-0: Swinging Strike 0-1: Ball 1-1: Called Strike 1-2: Ball 2-2: Strikes out swinging, 2-3 out at first.
|
|
Batting: LHB Danny Moreno
|
0-0: Called Strike 0-1: Ball 1-1: Hit by Pitch
|
|
Batting: LHB Ubbe de Bruin
|
0-0: Foul Ball, location: 2F 0-1: Called Strike 0-2: Ball 1-2: Ball 2-2: Foul Ball, location: 2F 2-2: Foul Ball, location: 2F 2-2: Fly out, F8 (Flyball, 8LM, EV 83.8 MPH)
|
|
Pitching: RHP Jeremy Price
|
|
|
Batting: LHB Alan Kelly
|
0-0: SINGLE (Groundball, 56D, EV 96.2 MPH) Danny Moreno to second
|
|
Batting: LHB Tim Fuller
|
0-0: Ball 1-0: Ground out 1-3 (Groundball, 15S, EV 68.8 MPH)
|
| Top of the 7th over - 0 runs, 1 hit, 0 errors, 2 left on base; Lake County 0 - Bowling Green 5 |
| BOTTOM OF THE 7TH |
|
Bowling Green Hot Rods batting - Pitching for Lake County Captains : LHP Aaron Manees
|
|
Batting: SHB Julio Hernandez
|
0-0: Called Strike 0-1: Reached on error, E6 (Groundball, 6, EV 78.8 MPH)
|
|
Batting: LHB Jake Rheaume
|
0-0: Called Strike 0-1: Called Strike 0-2: Strikes out looking
|
|
Batting: RHB Adam Kaeser
|
0-0: Ball 1-0: Ball 2-0: Swinging Strike 2-1: Ball 3-1: Base on Balls Julio Hernandez to second
|
|
Batting: RHB David Ward
|
0-0: Ball 1-0: Ball 2-0: Ball 3-0: Base on Balls Julio Hernandez to third Adam Kaeser to second
|
|
Pitching: RHP Tatsuhito Shiota
|
|
|
Batting: RHB Paul Landes
|
0-0: Ball 1-0: Ball 2-0: Swinging Strike 2-1: Foul Ball, location: 2F 2-2: Foul Ball, location: 2F 2-2: Foul Ball, location: 2F 2-2: DOUBLE (Flyball, 89D, EV 96.9 MPH) Julio Hernandez scores Adam Kaeser scores David Ward to third
|
|
Batting: LHB Jimmy Detrie
|
0-0: Ball 1-0: Called Strike 1-1: Called Strike 1-2: Reached on error, E3 (Groundball, 3, EV 80.6 MPH) David Ward scores Paul Landes to third
|
|
Batting: RHB Kevin Benfield
|
0-0: Ball 1-0: Ball 2-0: Called Strike 2-1: Swinging Strike 2-2: Strikes out looking
|
|
Batting: RHB Steve Byerly
|
0-0: Ball 1-0: Foul Ball, location: 2F 1-1: Swinging Strike 1-2: Ball 2-2: Fly out, F8 (Flyball, 89M, EV 90.0 MPH)
|
| Bottom of the 7th over - 3 runs, 1 hit, 2 errors, 2 left on base; Lake County 0 - Bowling Green 8 |
| TOP OF THE 8TH |
|
Lake County Captains batting - Pitching for Bowling Green Hot Rods : RHP Jeremy Price
|
|
Batting: LHB Yasuo Igarashi
|
0-0: Called Strike 0-1: Ball 1-1: Ball 2-1: Foul Ball, location: 2F 2-2: Strikes out looking
|
|
Batting: SHB Charlie Diesel
|
0-0: SINGLE (Groundball, 4D, EV 94.4 MPH)
|
|
Batting: LHB Justin Rankin
|
0-0: Called Strike 0-1: Ball 1-1: Called Strike 1-2: Fielders Choice at 2nd, 1-6 (Groundball, 13S, EV 68.8 MPH)
|
|
Batting: SHB Travis Burnett
|
0-0: Ground out 1-3 (Groundball, 34S, EV 75.6 MPH)
|
| Top of the 8th over - 0 runs, 1 hit, 0 errors, 1 left on base; Lake County 0 - Bowling Green 8 |
| BOTTOM OF THE 8TH |
|
Bowling Green Hot Rods batting - Pitching for Lake County Captains : RHP Tatsuhito Shiota
|
|
Pinch Hitting: RHB Evan Chalarian
|
0-0: Called Strike 0-1: Foul Ball, location: 2F 0-2: Ball 1-2: Ball 2-2: Fly out, F4 (Popup, 4D, EV 66.9 MPH)
|
|
Batting: SHB Julio Hernandez
|
0-0: Ball 1-0: Ball 2-0: Ball 3-0: Called Strike 3-1: Foul Ball, location: 2F 3-2: SINGLE (Line Drive, 56D, EV 103.1 MPH)
|
|
Pitching: RHP En-guo Tsu
|
|
|
Batting: LHB Jake Rheaume
|
0-0: Ball 1-0: Ball 2-0: Ball 3-0: Base on Balls Julio Hernandez to second
|
|
Batting: RHB Adam Kaeser
|
0-0: Ball 1-0: Ball 2-0: Foul Ball, location: 2F 2-1: Called Strike 2-2: Fielders Choice at 2nd, 3-6 (Groundball, 34S, EV 81.9 MPH) Julio Hernandez to third
|
|
Batting: RHB David Ward
|
0-0: Foul Ball, location: 2F 0-1: Called Strike 0-2: Ball Passed Ball! Julio Hernandez scores Adam Kaeser to second 1-2: Foul Ball, location: 2F 1-2: Ground out 6-3 (Groundball, 6M, EV 81.9 MPH)
|
| Bottom of the 8th over - 1 run, 1 hit, 0 errors, 1 left on base; Lake County 0 - Bowling Green 9 |
| TOP OF THE 9TH |
|
Lake County Captains batting - Pitching for Bowling Green Hot Rods : RHP Jeremy Price
|
|
Now at SS: Evan Chalarian
|
|
|
Batting: RHB Adrian Martinelli
|
0-0: Ball 1-0: Called Strike 1-1: Foul Ball, location: 2F 1-2: Strikes out looking
|
|
Batting: LHB Danny Moreno
|
0-0: Called Strike 0-1: Foul Ball, location: 2F 0-2: Fly out, F8 (Flyball, 8RD, EV 88.8 MPH)
|
|
Batting: LHB Ubbe de Bruin
|
0-0: Called Strike 0-1: Foul Ball, location: 2F 0-2: Foul Ball, location: 2F 0-2: Ball 1-2: Foul Ball, location: 2F 1-2: Foul Ball, location: 2F 1-2: Foul Ball, location: 2F 1-2: Ball 2-2: Strikes out swinging
|
| Top of the 9th over - 0 runs, 0 hits, 0 errors, 0 left on base; Lake County 0 - Bowling Green 9 |
|